 Dungeon Crawl Stone Soup version 0.25-a0-1133-g93ebf739aa (webtiles) character file.

Game seed: 400590411135658538, levelgen mode: deterministic

271121 Glundar the Slayer (level 19, -38/191 HPs)
             Began as a Minotaur Fighter on May 7, 2020.
             Was the Champion of Okawaru.
             Killed from afar by Xtahua (93 damage)
             ... with a searing blast
             ... on level 3 of the Vaults on May 21, 2020.
             The game lasted 04:00:33 (48744 turns).

Glundar the Slayer (Minotaur Fighter)              Turns: 48744, Time: 04:00:34

Health: -38/191    AC: 48    Str: 29      XL:     19   Next: 44%
Magic:  18/18      EV: 11    Int:  6 (7)  God:    Okawaru [******]
Gold:   2719       SH: 20    Dex: 12      Spells: 18/18 levels left

rFire    x . .     SeeInvis +   a - +12 falchion of Teizidarop {protect, Str+2 SInv}
rCold    + . .     Gourm    .   c - +0 kite shield
rNeg     . . .     Faith    .   y - +5 crystal plate armour
rPois    +         Spirit   .   z - +0 mask of the Dragon {MR+ Slay+3 SInv}
rElec    .         Reflect  +   B - +2 cloak of the Eternal Void {MR+ Int+2}
rCorr    .         Harm     .   p - +0 pair of gloves
MR       +++..                  g - +0 pair of boots
Stlth    ..........             e - amulet of reflection
HPRegen  0.41/turn              Z - ring of ice
MPRegen  0.16/turn              i - ring of poison resistance

@: protection aura
A: retaliatory headbutt, horns 2, blurry vision 1, deterioration 1
}: 2/15 runes: decaying, gossamer
a: Heroism, Finesse, Renounce Religion


You were on level 3 of the Vaults.
You worshipped Okawaru.
Okawaru was exalted by your worship.
You were not hungry.

You visited 7 branches of the dungeon, and saw 35 of its levels.

You collected 3495 gold pieces.
You spent 776 gold pieces at shops.

Inventory:

Hand Weapons
 a - the +12 falchion of Teizidarop (weapon) {protect, Str+2 SInv}
   (You found it on level 8 of the Dungeon)

   It grants its wielder temporary protection when it strikes (+7 to AC).
   It affects your strength (+2).
   It lets you see invisible.
 b - the +9 hunting sling "Fiusabad" {flame, Stlth+}
   (You found it on level 15 of the Dungeon)

   It causes projectiles fired from it to burn those they strike, causing extra
   injury to most foes and up to half again as much damage against particularly
   susceptible opponents.
   It makes you more stealthy.
 t - a +0 hand axe of flaming
 C - the +5 whip "Penoig" {vamp, *Contam rElec Str+8}
   (You found it on level 2 of the Spider Nest)

   It inflicts no extra harm, but heals its wielder when it wounds a living foe.
   It affects your strength (+8).
   It insulates you from electricity.
   It causes magical contamination when unequipped.
Missiles
 s - 261 sling bullets
Armour
 c - a +0 kite shield (worn)
 g - a +0 pair of boots (worn)
 p - a +0 pair of gloves (worn)
 y - a +5 crystal plate armour (worn)
 z - the +0 mask of the Dragon (worn) {MR+ Slay+3 SInv}
   (Okawaru gifted it to you on level 3 of the Lair of Beasts)

   It affects your accuracy and damage with ranged weapons and melee attacks
   (+3).
   It affects your resistance to hostile enchantments.
   It lets you see invisible.
 B - the +2 cloak of the Eternal Void (worn) {MR+ Int+2}
   (You found it on level 6 of the Lair of Beasts)

   It affects your intelligence (+2).
   It affects your resistance to hostile enchantments.
Jewellery
 e - an amulet of reflection (around neck)
 i - a ring of poison resistance (right hand)
 o - an uncursed ring of resist corrosion
 v - an uncursed ring of fire
 H - an uncursed ring of flight
 V - an uncursed amulet of faith
 Z - a ring of ice (left hand)
Wands
 l - a wand of paralysis (30)
 r - a wand of acid (25)
 A - a wand of digging (7)
 G - a wand of iceblast (37)
 I - a wand of disintegration (19)
 R - a wand of flame (30)
 X - a wand of clouds (19)
Scrolls
 j - 15 scrolls of teleportation
 k - 5 scrolls of fog
 n - 3 scrolls of enchant armour
 F - 3 scrolls of fear
 J - 5 scrolls of identify
 K - 7 scrolls of magic mapping
 M - a scroll of brand weapon
 Q - 4 scrolls of blinking
 T - 11 scrolls of remove curse
 W - 7 scrolls of enchant weapon
 Y - 2 scrolls of summoning
Potions
 d - 2 potions of berserk rage
 h - 6 potions of flight
 m - 4 potions of stabbing
 q - 6 potions of magic
 u - 3 potions of brilliance
 w - 6 potions of lignification
 x - 19 potions of curing
 D - 4 potions of cancellation
 E - 5 potions of haste
 L - 4 potions of mutation
 N - 3 potions of heal wounds
 O - 3 potions of might
 P - 5 potions of invisibility
 U - 2 potions of resistance
Comestibles
 f - 66 rations


   Skills:
 + Level 22.1 Fighting
 - Level 14.0 Long Blades
 - Level 8.3 Axes
 - Level 12.0 Slings
 + Level 22.0 Armour
 + Level 8.0 Dodging
 - Level 15.0 Shields


You had 18 spell levels left.
You didn't know any spells.
Your spell library contained the following spells:

 Spells                   Type           Power        Failure   Level  Hunger
 Magic Dart               Conj           #...         99%         1    ##.....
 Sting                    Tmut/Pois      #...         99%         1    ##.....
 Summon Butterflies       Summ           #.......     99%         1    ##.....
 Blink                    Tloc           N/A          100%        2    ###....
 Call Imp                 Summ           #.......     100%        2    ###....
 Passwall                 Tmut/Erth      #.......     100%        2    ###....
 Slow                     Hex            #.......     100%        2    ###....
 Swiftness                Chrm/Air       #.......     100%        2    ###....
 Call Canine Familiar     Summ           #.......     100%        3    ####...
 Confusing Touch          Hex            #.......     100%        3    ####...
 Conjure Flame            Conj/Fire      #.......     100%        3    ####...
 Gell's Gravitas          Tloc           #.........   100%        3    ####...
 Mephitic Cloud           Conj/Pois/Air  #.......     100%        3    ####...
 Static Discharge         Conj/Air       #.......     100%        3    ####...
 Ice Form                 Ice/Tmut       #.......     100%        4    #####..
 Passage of Golubria      Tloc           N/A          100%        4    #####..
 Petrify                  Tmut/Erth      #.......     100%        4    #####..
 Summon Ice Beast         Ice/Summ       #.......     100%        4    #####..
 Alistair's Intoxication  Tmut/Pois      #.......     100%        5    ######.
 Irradiate                Conj/Tmut      #.........   100%        5    ######.
 Iskenderun's Battlesphe  Conj/Chrm      #.......     100%        5    ######.
 Lee's Rapid Deconstruct  Erth           #.........   100%        5    ######.
 Lightning Bolt           Conj/Air       #.........   100%        5    ######.
 Metabolic Englaciation   Hex/Ice        #.........   100%        5    ######.
 Silence                  Hex/Air        #.........   100%        5    ######.
 Summon Demon             Summ           #.........   100%        5    ######.
 Summon Mana Viper        Hex/Summ       #.......     100%        5    ######.
 Yara's Violent Unravell  Hex/Tmut       #.........   100%        5    ######.
 Darkness                 Hex            #.........   100%        6    #######
 Hydra Form               Tmut           #.........   100%        6    #######
 Invisibility             Hex            #.......     100%        6    #######
 Statue Form              Tmut/Erth      #........    100%        6    #######
 Dragon Form              Tmut           #.........   100%        7    #######
 Summon Hydra             Summ           #.........   100%        7    #######
 Ignition                 Fire           #.........   100%        8    #######
 Dragon's Call            Summ           #.........   100%        9    #######
 Shatter                  Erth           #.........   100%        9    #######
 Tornado                  Air            #.........   100%        9    #######


Dungeon Overview and Level Annotations

Branches:
Dungeon (15/15)            Temple (1/1) D:6            Lair (6/6) D:9
  Swamp (4/4) Lair:4       Spider (4/4) Lair:4        Slime (0/5) Lair:5
    Orc (2/2) D:11            Elf (0/3) Orc:2        Vaults (3/5) D:14
 Depths (0/5) D:15
  Crypt: Vaults:2-3

Altars:
Ashenzari
Cheibriados
Dithmenos
Fedhas
Gozag
Hepliaklqana
Kikubaaqudgha
Makhleb
Okawaru
Qazlal
Ru
Sif Muna
Trog
Uskayaw
Vehumet
Xom
Yredelemnul
The Shining One
Beogh
Jiyva

Shops:
D:4 [   D:6 *   Orc:2 !}((?   Vaults:2 }

Annotations:
Vaults:3 Xtahua


Innate Abilities, Weirdness & Mutations

You reflexively headbutt those who attack you in melee.
You have a pair of horns on your head.
Scrolls take you a little longer to read.
Your body sometimes deteriorates upon taking damage.


Message History

Xtahua is moderately wounded.
You slash Xtahua! You headbutt Xtahua.
Xtahua is heavily wounded.
Xtahua breathes flames at you. The searing blast hits you!!!!
The fire burns you terribly!
Ouch! That really hurt!
* * * LOW HITPOINT WARNING * * *
Your body deteriorates!
You feel dopey.
Remove which piece of jewellery? (? for menu, Esc to quit)
Okay, then.
Really read with blurry vision while enemies are nearby? [Y]es or [N]o only, please.
Really read with blurry vision while enemies are nearby?
Okay, then.
You feel much better. Xtahua bites you but does no damage.
You block Xtahua's attack. x2
Xtahua glares at you. Xtahua breathes flames at you.
The searing blast hits you!!!! The fire burns you terribly!
You die...

#######
##.....##
#...#...#
####.###.####
##.#...#...#.##
#........<....#
+..#...#...#..#
+.###.###.###.#
#..#...#.@.#..#
+.............#
##.#...#.D.#.##
####.###.####
#...#...#
##.....##
#######


You could see Xtahua (catching breath).

Vanquished Creatures
  the Lernaean hydra (Swamp:3)
  Nikola (Spider:4)
  Arachne (Spider:4)
  Rupert (D:12)
  2 thorn hunters
  8 ghost moths
  6 vault wardens
  4 emperor scorpions
  11 ironheart preservers
  2 very ugly things
  The ghost of Acosmix the Slicer, a journeyman GrFi of Okawaru (Lair:5)
  Nessos (Lair:6)
  4 entropy weavers
  A deep elf demonologist (Vaults:2)
  A dire elephant (Lair:6)
  5 spark wasps
  Azrael (D:13)
  An ettin (Vaults:2)
  Snorg (Lair:3)
  A deep elf death mage (Vaults:2)
  2 fire dragons (D:15)
  Fannar (Lair:1)
  3 yaktaur captains
  Josephine (D:13)
  Erolcha (Orc:2)
  18 hydras
  A vault guard (Vaults:2)
  An ice dragon (Vaults:1)
  A rakshasa (D:14)
  4 shambling mangroves
  3 centaur warriors
  A catoblepas (D:14)
  3 ghost crabs
  A merfolk avatar (Lair:6)
  12 two-headed ogres
  4 death knights
  A tengu warrior (D:15)
  Urug (D:12)
  4 alligators
  6 ogre magi
  10 death yaks
  Sonja (Lair:5)
  5 skeletal warriors (D:14)
  Nergalle (Orc:2)
  3 deep elf knights
  A shadow wraith (Vaults:2)
  5 deep trolls (Vaults:1)
  7 swamp dragons
  6 spriggan druids
  A flayed ghost (D:14)
  4 wizards
  2 deep elf archers
  An ironbrand convoker (Vaults:2)
  5 orc knights
  26 orb spiders
  2 necromancers (Vaults:1)
  3 harpies (Lair:6)
  4 deep elf magi
  3 manticores
  25 wolf spiders
  25 ugly things
  7 orc sorcerers
  2 moths of wrath (Lair:5)
  4 cyclopes
  2 oklob plants (Lair:2)
  14 elephants
  A black mamba (shapeshifter) (D:14)
  4 black mambas
  3 vault sentinels
  A torpor snail (Spider:4)
  2 gargoyles
  20 spiny frogs
  Maggie (Lair:1)
  3 centaur skeletons
  A yaktaur (shapeshifter) (D:14)
  18 yaktaurs
  6 rime drakes
  2 kobold demonologists
  15 komodo dragons
  22 demonic crawlers
  A redback zombie (D:15)
  4 polar bears
  A tengu conjurer (D:15)
  13 tyrant leeches
  A wind drake (Lair:6)
  5 trolls
  39 jumping spiders
  16 slime creatures
  A meliai zombie (D:13)
  4 bog bodies
  23 hornets
  25 blink frogs
  13 hippogriffs
  A dream sheep (shapeshifter) (D:14)
  3 dream sheep
  74 redbacks
  39 tarantellas
  A spriggan (shapeshifter) (Vaults:2)
  A vampire (D:11)
  7 wraiths
  46 yaks
  14 spriggans
  6 wyverns
  2 shadows
  3 fire elementals (D:12)
  A hog (shapeshifter) (Vaults:1)
  7 basilisks
  12 vampire mosquitoes
  Edmund (D:6)
  16 swamp worms
  5 wargs
  18 water moccasins
  4 acid dragons
  2 hell hounds
  10 porcupines
  15 orc warriors
  A meliai simulacrum (D:13)
  A black bear (D:7)
  10 swamp drakes
  A hornet zombie (D:15)
  2 eyes of draining
  An ice dragon simulacrum (Vaults:1)
  4 sky beasts
  2 ice beasts
  21 ogres
  10 wolves
  2 phantoms
  16 centaurs
  9 crocodiles
  5 big kobolds
  14 bullfrogs
  2 elf zombies
  4 earth elementals (Spider:2)
  3 elf skeletons
  A water moccasin zombie (D:12)
  A deep troll simulacrum (Vaults:1)
  An ogre simulacrum (Vaults:1)
  9 scorpions
  10 wights
  16 killer bees
  The ghost of fritzmikael the Firebug, a weakling DrFE (D:3)
  2 electric eels
  2 howler monkeys
  An orc simulacrum (Vaults:2)
  5 crimson imps
  4 human zombies
  4 centaur zombies
  2 bullfrog zombies
  3 bullfrog skeletons
  8 jellies
  4 iguanas
  8 orc priests
  3 hounds
  Crazy Yiuf (D:5)
  5 human skeletons
  38 orc wizards
  9 worker ants
  A killer bee zombie (D:9)
  2 hound skeletons
  A mummy (D:9)
  18 adders
  6 gnolls
  9 oozes
  2 worms
  A dart slug (D:2)
  5 leopard geckos
  67 orcs
  12 bats
  5 giant cockroaches
  5 goblins
  13 hobgoblins
  5 jackals (D:4)
  6 quokkas
  10 frilled lizards
  19 kobolds
  2 orc skeletons (D:6)
  An orc zombie (D:9)
  A quokka skeleton (D:5)
  11 rats
  3 fungi
  3 plants
1279 creatures vanquished.

Vanquished Creatures (others)
  A ghost moth (Spider:4)
  An orb spider (Spider:2)
  2 cyclopes
  2 hornets (Swamp:4)
  A spriggan (Swamp:4)
  A swamp drake (Swamp:4)
  5 centaurs
  An orc (D:8)
  2 kobolds
  A bush (Lair:6)
  9 fungi
  15 plants
  16 toadstools
57 creatures vanquished.

Grand Total: 1336 creatures vanquished

Notes
Turn   | Place    | Note
-------+----------+-------------------------------------------
     0 | D:1      | Glundar the Minotaur Fighter began the quest for the Orb.
     0 | D:1      | Reached XP level 1. HP: 19/19 MP: 0/0
   247 | D:1      | Reached XP level 2. HP: 27/27 MP: 1/1
   506 | D:1      | Reached XP level 3. HP: 32/33 MP: 2/2
  1712 | D:2      | Reached XP level 4. HP: 35/40 MP: 3/3
  1835 | D:2      | Reached XP level 5. HP: 38/46 MP: 4/4
  1894 | D:2      | Reached skill level 1 in Dodging
  2344 | D:3      | Found a runed translucent door.
  2345 | D:3      | Noticed fritzmikael's ghost (weakling DrFE)
  2356 | D:3      | Killed fritzmikael's ghost
  2356 | D:3      | Reached skill level 5 in Shields
  2472 | D:3      | Found a hazy altar of Hepliaklqana.
  2589 | D:3      | Reached skill level 5 in Axes
  2589 | D:3      | Reached XP level 6. HP: 53/53 MP: 5/5
  2597 | D:3      | Found a shimmering blue altar of Sif Muna.
  2928 | D:4      | Found Kennoun's Armour Boutique.
  3052 | D:4      | Found a radiant altar of Vehumet.
  3054 | D:4      | Found a bloodstained altar of Trog.
  3054 | D:4      | Found a radiant altar of Vehumet.
  3056 | D:4      | Found a burning altar of Makhleb.
  3056 | D:4      | Found a radiant altar of Vehumet.
  3056 | D:4      | Found a shimmering altar of Xom.
  3134 | D:4      | Found a blossoming altar of Fedhas.
  3150 | D:4      | Identified the Papyrus of Shifting Slavery
  3246 | D:4      | Reached skill level 1 in Slings
  3400 | D:4      | Reached skill level 5 in Fighting
  3730 | D:5      | Entered Level 5 of the Dungeon
  3855 | D:5      | Found a stormy altar of Qazlal.
  3871 | D:5      | Noticed an ice beast
  3887 | D:5      | Killed an ice beast
  3887 | D:5      | Reached skill level 5 in Armour
  3905 | D:5      | Reached XP level 7. HP: 44/61 MP: 6/6
  4730 | D:5      | Found a snail-covered altar of Cheibriados.
  4926 | D:5      | Found a runed translucent door.
  4927 | D:5      | Noticed Crazy Yiuf
  5392 | D:5      | Killed Crazy Yiuf
  5551 | D:6      | Found a staircase to the Ecumenical Temple.
  5556 | Temple   | Entered the Ecumenical Temple
  5578 | Temple   | Became a worshipper of Warmaster Okawaru
  5679 | D:6      | Reached XP level 8. HP: 62/70 MP: 7/7
  5724 | D:6      | Noticed Edmund
  5737 | D:6      | Killed Edmund
  5816 | D:6      | Found a shattered altar of Ashenzari.
  6019 | D:6      | Found Riju Gapt's Assorted Antiques.
  6169 | D:6      | Reached * piety under Okawaru
  6597 | D:7      | Noticed a hippogriff
  6609 | D:7      | Killed a hippogriff
  6699 | D:7      | Reached XP level 9. HP: 50/79 MP: 8/8
  6974 | D:7      | Reached ** piety under Okawaru
  7235 | D:7      | Reached skill level 5 in Slings
  7513 | D:7      | Found the +7 Singing Sword {vorpal, sonic wave}
  7869 | D:8      | Noticed a red ugly thing
  7890 | D:8      | Killed a red ugly thing
  7890 | D:8      | Reached *** piety under Okawaru
  8020 | D:8      | Got an encrusted falchion
  8021 | D:8      | Identified the +12 falchion of Teizidarop {protect, Str+2
                  | SInv} (You found it on level 8 of the Dungeon)
  8096 | D:8      | Found a burning altar of Makhleb.
  8205 | D:8      | Found a hide-covered altar of Uskayaw.
  8237 | D:8      | Reached skill level 1 in Long Blades
  8487 | D:8      | Received a gift from Okawaru
  8487 | D:8      | Reached XP level 10. HP: 90/90 MP: 9/9
  8518 | D:8      | Reached **** piety under Okawaru
  8543 | D:8      | Noticed a three-headed hydra
  8550 | D:8      | Killed a one-headed hydra
  8550 | D:8      | Received a gift from Okawaru
  9280 | D:9      | Found an opulent altar of Gozag.
  9318 | D:9      | Found a staircase to the Lair.
  9490 | D:9      | Received a gift from Okawaru
  9588 | D:9      | Found a basalt altar of Yredelemnul.
  9928 | D:10     | Entered Level 10 of the Dungeon
  9955 | D:10     | Reached ***** piety under Okawaru
 10029 | D:10     | Reached skill level 5 in Long Blades
 10088 | D:10     | Reached XP level 11. HP: 99/99 MP: 10/10
 10098 | D:10     | Reached skill level 10 in Shields
 10322 | D:10     | Reached skill level 10 in Fighting
 10330 | D:10     | Received a gift from Okawaru
 10747 | D:11     | Reached skill level 10 in Armour
 11021 | D:11     | Received a gift from Okawaru
 11237 | D:11     | Found a staircase to the Orcish Mines.
 11404 | D:11     | Noticed a cyan ugly thing
 11422 | D:11     | Killed a cyan ugly thing
 11981 | D:12     | Found a shadowy altar of Dithmenos.
 12111 | D:11     | Received a gift from Okawaru
 12423 | D:12     | Noticed Urug
 12473 | D:12     | Received a gift from Okawaru
 12600 | D:12     | Got a scorched morningstar
 12814 | D:12     | Noticed a two-headed ogre
 12826 | D:12     | Killed a two-headed ogre
 12826 | D:12     | Received a gift from Okawaru
 12831 | D:12     | Paralysed by Urug for 5 turns
 12846 | D:12     | Killed Urug
 13010 | D:12     | Got a bloodstained long sword
 13011 | D:12     | Identified the +8 long sword of Larr {elec, *Drain rPois
                  | rC+ SInv} (You found it on level 12 of the Dungeon)
 13137 | D:12     | Reached XP level 12. HP: 67/110 MP: 11/11
 13256 | D:12     | Noticed a two-headed ogre
 13262 | D:12     | Killed a two-headed ogre
 13477 | D:12     | Noticed a two-headed ogre
 13600 | D:12     | Killed a two-headed ogre
 13651 | D:12     | Identified Wizardry, Part Five
 13839 | D:13     | Noticed Rupert
 13862 | D:12     | Killed Rupert
 14173 | D:13     | Noticed Josephine
 14182 | D:13     | Killed Josephine
 14182 | D:13     | Reached skill level 10 in Slings
 14193 | D:13     | Noticed a centaur warrior
 14214 | D:13     | Killed a centaur warrior
 14214 | D:13     | Received a gift from Okawaru
 14436 | D:13     | Noticed Azrael
 14464 | D:12     | Reached ****** piety under Okawaru
 14597 | D:13     | Killed Azrael
 14597 | D:13     | Received a gift from Okawaru
 14868 | D:13     | Received a gift from Okawaru
 15263 | D:14     | Received a gift from Okawaru
 15269 | D:14     | Reached XP level 13. HP: 118/118 MP: 12/12
 15359 | D:14     | Got a slimy pewter ring
 15367 | D:14     | Identified the ring of Moduqaga {Wiz rPois Int+7} (You
                  | found it on level 14 of the Dungeon)
 15423 | D:14     | Received a gift from Okawaru
 15424 | D:14     | Found a gate to the Vaults.
 15427 | D:14     | Got a shimmering falchion {god gift}
 15428 | D:14     | Lost intelligence.
 15428 | D:14     | Identified the +8 falchion "Rehyisau" {venom, MR+ Int-5
                  | Dex+6} (Okawaru gifted it to you on level 14 of the
                  | Dungeon)
 16525 | D:15     | Entered Level 15 of the Dungeon
 16558 | D:15     | Reached skill level 10 in Long Blades
 16853 | D:15     | Received a gift from Okawaru
 18111 | D:15     | Noticed a fire dragon
 18112 | D:15     | Noticed a fire dragon
 18128 | D:15     | Killed a fire dragon
 18142 | D:15     | Killed a fire dragon
 18142 | D:15     | Received a gift from Okawaru
 18148 | D:15     | Got a transparent hat {god gift}
 18159 | D:15     | Identified the +0 hat of Okawaru's Whim {Str+2} (Okawaru
                  | gifted it to you on level 15 of the Dungeon)
 18159 | D:15     | Upgraded the game from 0.25-a0-942-g87a53962fc to
                  | 0.25-a0-1132-g9d38388ac0
 18412 | D:15     | Found a staircase to the Depths.
 18485 | D:15     | Got a warped hunting sling
 18486 | D:15     | Identified the +9 hunting sling "Fiusabad" {flame, Stlth+}
                  | (You found it on level 15 of the Dungeon)
 18942 | Lair:1   | Entered Level 1 of the Lair of Beasts
 19090 | Lair:1   | Reached XP level 14. HP: 129/129 MP: 13/13
 19362 | Lair:1   | Noticed Maggie
 19371 | Lair:1   | Killed Maggie
 19418 | Lair:1   | Noticed Fannar
 19431 | Lair:1   | Killed Fannar
 21017 | Lair:3   | Noticed Snorg
 21029 | Lair:3   | Killed Snorg
 21223 | Lair:3   | Received a gift from Okawaru
 21224 | Lair:3   | Found the +0 mask of the Dragon {MR+ Slay+3 SInv}
 22457 | Lair:4   | Found a staircase to the Swamp.
 22831 | Lair:4   | Found a hole to the Spider Nest.
 23711 | Lair:5   | Identified the +6 trident "Glundar's Bane" {flame, MR++
                  | Int+3}
 23753 | Lair:5   | Noticed Acosmix's ghost (journeyman GrFi)
 23774 | Lair:5   | Found a bloodstained altar of Trog.
 23780 | Lair:5   | Identified the cursed +1 trident of Ceureliy {vamp, Dex+4}
 23792 | Lair:5   | Found a transporter.
 23884 | Lair:5   | Found a transporter.
 24163 | Lair:5   | Received a gift from Okawaru
 24172 | Lair:5   | Reached XP level 15. HP: 49/139 MP: 14/14
 24589 | Lair:5   | Found a viscous altar of Jiyva.
 24589 | Lair:5   | Found a staircase to the Slime Pits.
 24618 | Lair:5   | Noticed Sonja
 24620 | Lair:5   | Killed Sonja
 25176 | Lair:5   | Received a gift from Okawaru
 25210 | Lair:5   | Killed Acosmix's ghost
 25488 | Lair:6   | Entered Level 6 of the Lair of Beasts
 25652 | Lair:6   | Noticed Nessos
 25657 | Lair:6   | Killed Nessos
 25657 | Lair:6   | Reached skill level 15 in Shields
 25912 | Lair:6   | Reached skill level 15 in Fighting
 25944 | Lair:6   | Received a gift from Okawaru
 25944 | Lair:6   | Reached skill level 15 in Armour
 26226 | Lair:6   | Found a basalt altar of Yredelemnul.
 26517 | Lair:6   | Got a smoking cloak
 26532 | Lair:6   | Identified the +2 cloak of the Eternal Void {MR+ Int+2}
                  | (You found it on level 6 of the Lair of Beasts)
 27555 | Orc:1    | Entered Level 1 of the Orcish Mines
 27583 | Orc:1    | Received a gift from Okawaru
 27821 | Orc:2    | Entered Level 2 of the Orcish Mines
 27821 | Orc:2    | Found Huwyqexo's Antique Weapon Emporium.
 27844 | Orc:2    | Found a staircase to the Elven Halls.
 28311 | Orc:2    | Received a gift from Okawaru
 28321 | Orc:2    | Found Toedd's Gadget Shoppe.
 28377 | Orc:2    | Found Zigosepn's Distillery.
 28410 | Orc:2    | Bought a potion of curing for 30 gold pieces
 28410 | Orc:2    | Bought a potion of stabbing for 40 gold pieces
 28410 | Orc:2    | Bought a potion of heal wounds for 50 gold pieces
 28410 | Orc:2    | Bought a potion of curing for 30 gold pieces
 28410 | Orc:2    | Bought a potion of mutation for 80 gold pieces
 28427 | Orc:2    | Found an ancient bone altar of Kikubaaqudgha.
 28428 | Orc:2    | Noticed Nergalle
 28448 | Orc:2    | Killed Nergalle
 28603 | Orc:2    | Noticed Erolcha
 28610 | Orc:2    | Killed Erolcha
 28610 | Orc:2    | Received a gift from Okawaru
 28629 | Orc:2    | Found a radiant altar of Vehumet.
 28758 | Orc:2    | Found a roughly hewn altar of Beogh.
 28764 | Orc:2    | Found Peuloak's Antique Weapon Shoppe.
 28780 | Orc:2    | Found Kaeloff's Magic Scroll Emporium.
 28788 | Orc:2    | Bought a scroll of teleportation for 42 gold pieces
 28788 | Orc:2    | Bought a scroll of identify for 28 gold pieces
 28788 | Orc:2    | Bought a scroll of blinking for 105 gold pieces
 28788 | Orc:2    | Bought a scroll of teleportation for 42 gold pieces
 28788 | Orc:2    | Bought a scroll of teleportation for 42 gold pieces
 28788 | Orc:2    | Bought a scroll of enchant weapon for 105 gold pieces
 28788 | Orc:2    | Bought a scroll of fear for 49 gold pieces
 28788 | Orc:2    | Bought a scroll of identify for 28 gold pieces
 28788 | Orc:2    | Bought a scroll of enchant weapon for 105 gold pieces
 29369 | Orc:1    | Received a gift from Okawaru
 29378 | Orc:1    | Got a pitted chain mail {god gift}
 29391 | Orc:2    | Identified the +5 chain mail of Cycat {Dex+4 SInv} (Okawaru
                  | gifted it to you on level 1 of the Orcish Mines)
 29908 | Swamp:1  | Entered Level 1 of the Swamp
 30275 | Swamp:1  | Noticed a thorn hunter
 30293 | Swamp:1  | Killed a thorn hunter
 30293 | Swamp:1  | Reached XP level 16. HP: 145/151 MP: 15/15
 31626 | Swamp:2  | Paralysed by a hornet for 3 turns
 32288 | Swamp:3  | Found a basalt altar of Yredelemnul.
 32620 | Swamp:4  | Entered Level 4 of the Swamp
 32620 | Swamp:4  | Noticed a thorn hunter
 32710 | Swamp:4  | Killed a thorn hunter
 33485 | Swamp:4  | Noticed the 27-headed Lernaean hydra
 34191 | Swamp:3  | Received a gift from Okawaru
 34353 | Swamp:3  | Received a gift from Okawaru
 34354 | Swamp:3  | Got an encrusted falchion {god gift}
 34355 | Swamp:3  | Identified the +5 falchion "Araoclya" {drain, *Corrode
                  | Dex+5} (Okawaru gifted it to you on level 3 of the Swamp)
 35168 | Swamp:3  | Killed the nine-headed Lernaean hydra
 35603 | Swamp:4  | Got a decaying rune of Zot
 36109 | Spider:1 | Entered Level 1 of the Spider Nest
 36314 | Lair:4   | Received a gift from Okawaru
 36343 | Spider:1 | Reached XP level 17. HP: 166/166 MP: 16/16
 36477 | Spider:1 | Received a gift from Okawaru
 36523 | Spider:1 | Got a slimy plate armour {god gift}
 36534 | Spider:1 | Identified the +12 plate armour "Mecups" {SInv} (Okawaru
                  | gifted it to you on level 1 of the Spider Nest)
 36906 | Spider:1 | Got a crude war axe
 36907 | Spider:1 | Identified the +6 war axe "Sikkioh" {pain, Str+5} (You
                  | found it on level 1 of the Spider Nest)
 37767 | Spider:2 | Got a slimy whip
 37768 | Spider:2 | Identified the +5 whip "Penoig" {vamp, *Contam rElec Str+8}
                  | (You found it on level 2 of the Spider Nest)
 37796 | Spider:2 | Gained mutation: Your body sometimes deteriorates upon
                  | taking damage. [mutagenic glow]
 39813 | Spider:3 | Received a gift from Okawaru
 40841 | Spider:4 | Entered Level 4 of the Spider Nest
 41367 | Spider:4 | Received a gift from Okawaru
 41490 | Spider:4 | Noticed Nikola
 41505 | Spider:4 | Killed Nikola
 41505 | Spider:4 | Received a gift from Okawaru
 41505 | Spider:4 | Reached XP level 18. HP: 147/178 MP: 17/17
 41752 | Spider:4 | Noticed Arachne
 41772 | Spider:4 | Killed Arachne
 42172 | Spider:4 | Got a gossamer rune of Zot
 42659 | Spider:4 | Received a gift from Okawaru
 43695 | Vaults:1 | Entered Level 1 of the Vaults
 45703 | Vaults:1 | Received a gift from Okawaru
 45703 | Vaults:1 | Reached skill level 5 in Dodging
 46493 | Vaults:2 | Reached XP level 19. HP: 188/190 MP: 18/18
 46661 | Vaults:2 | Received a gift from Okawaru
 46671 | Vaults:2 | Got a blackened plate armour {god gift}
 46682 | Vaults:2 | Identified the +10 plate armour "Yhaameagh" {MR+ Str-5
                  | Int+3 Stlth+} (Okawaru gifted it to you on level 2 of the
                  | Vaults)
 47378 | Vaults:2 | Gained mutation: Scrolls take you a little longer to read.
                  | [a neqoxec]
 47379 | Vaults:2 | Noticed a Tzitzimitl
 47505 | Vaults:2 | Found Nocwor's Gadget Emporium.
 48542 | Vaults:2 | Upgraded the game from 0.25-a0-1132-g9d38388ac0 to
                  | 0.25-a0-1133-g93ebf739aa
 48732 | Vaults:3 | Noticed Xtahua
 48744 | Vaults:3 | Killed from afar by Xtahua

Illustrated notes

Levels and vault maps discovered:
D:1:      saegor_arrival_simple_b, layout_basic
D:2:      cheibrodos_fertilizer, layout_basic, minmay_misc_feat_cross,
          minmay_pentomino_u4
D:3:      layout_loops_ring, nicolae_overflow_crystal_walls, tgw_sif,
          ebering_ghost_reflecting_pool
D:4:      layout_basic, lemuel_crystal_altar, first_ration, serial_shops,
          shop_statue, small_statue_alley_b, doesnt_xom_only_xom
D:5:      layout_layer_cave, overflow_temple_1_default, cheibriados_altar_1,
          uniq_crazy_yiuf_cottage
D:6:      layout_basic, temple_doors_e, serial_shops, kennysheep_little_box,
          nicolae_ossuary_entry_catacombs, hangedman_decor_diamond_cutter,
          ashenzari_altar_1, uniq_edmund
D:7:      old_forge, layout_cave_pods
D:8:      layout_cave_pods, lemuel_round_altar, eat_drink_and_be_merry_uskayaw,
          hangedman_ranch [blue_anna_fruit_fields]
D:9:      layout_rooms, lemuel_mausoleum_altar_yredelemnul, lair_entry_dummy,
          grunt_gozag_breadcrumbs
D:10:     layout_roguey
D:11:     layout_loops_corners, erik_orc_3, lemuel_flame_loot_1
D:12:     minmay_blocking_statues, layout_irregular_city, basic_altar, uniq_urug
D:13:     layout_basic, hangedman_decor_push, uniq_azrael, uniq_josephine,
          uniq_rupert
D:14:     layout_loops_cross, david_vaults_2, onia_ninara_dug_in_and_dangerous
D:15:     grunt_enter_depths_hoard, layout_loops_ring, corexii_corridor_pit
Temple:   jpeg_temple_clearing
Lair:1:   layout_chaotic_city, uniq_maggie, uniq_fannar
Lair:2:   layout_roguey, lemuel_fruit_tree, infiniplex_staircase_pool,
          minmay_lair_oklob_chamber, grunt_megastairs_4
Lair:3:   layout_cave_pods, minmay_stone_trees_small, uniq_snorg
Lair:4:   minmay_lair_venomous_thicket, layout_gridlike, swamp_mist,
          spider_nest_entry_funnel_web, grunt_megastairs_2
Lair:5:   layout_cave_shapes, dpeg_slime_entry_enclosed_altar,
          gammafunk_ghost_wrathful_warriors, st_stairs_7, serial_bayou_pond_b,
          serial_bayou_shore_a, infiniplex_staircase_pool_2, uniq_sonja
Lair:6:   gammafunk_lair_ancient_temple, layout_cave_pods, basic_altar,
          st_stairs_13, wad_woods_03, uniq_nessos
Swamp:1:  cheibrodos_swamp_tower_of_moss, layout_basic_swamp,
          evilmike_swamp_ruin_house_4, swamp_pool1
Swamp:2:  layout_basic_swamp, evilmike_swamp_ruin_house_3
Swamp:3:  layout_basic_swamp, basic_altar, swamp_pool1
Swamp:4:  swamp_old_school, layout_basic_swamp
Spider:1: layout_spider_delve
Spider:2: cheibrodos_forgotten_conduit, hangedman_stitches_earthworm
Spider:3: layout_spider_delve
Spider:4: johnstein_spider_rune_arachne_lair, uniq_nikola
Orc:1:    layout_caves
Orc:2:    kennysheep_orc_mage_school, layout_caves, serial_shops, shop
Vaults:1: nicolae_vaults_little_squares_1, vaults_mumra_hex,
          nicolae_vaults_border_crossing, v_misc_24, vaults_dpeg_hooks,
          grunt_vaults_funnel, v_misc_26, vaults_room_grunt_arrival_ludios,
          nicolae_vaults_network_square, vaults_mumra_lcd,
          layout_vaults_quadrants
Vaults:2: hangedman_vaults_unwind, v_misc_25, st_lines,
          ontoclasm_vaults_ligature, nicolae_vaults_shelves_hall, v_pattern_5,
          v_misc_10, grunt_vaults_hallway_short,
          ontoclasm_vaults_claustrophobia, vaults_room_ringed_pool,
          dpeg_vaults_monster_box, v_misc_22, v_rooms_4, hangedman_vaults_snaps,
          grunt_vaults_hallway_short, vaults_room_hallway,
          layout_vaults_maze_bifur, serial_shops, shop_fountains
Vaults:3: hangedman_vaults_maws, v_misc_3, vaults_room_corners,
          nicolae_vaults_triangles, v_alt_pattern_3,
          minmay_crypt_entry_skeletal_spiral, nicolae_vaults_ring_of_whatevers,
          v_misc_26, v_pattern_1, nicolae_vaults_quartermaster,
          vaults_dpeg_encased_lava, nicolae_vaults_circle_grid_b,
          vaults_room_pool, nicolae_vaults_little_squares_1,
          ontoclasm_vaults_decontamination, vaults_room_stairs_pillars,
          layout_vaults_ring, serial_shops, shop, nicolae_shop_window_shopping,
          nicolae_shop_trees, nicolae_shop_statue_plus, uniq_xtahua,
          uniq_asterion, uniq_donald

Skill      XL: |  1  2  3  4  5  6  7  8  9 10 11 12 13 14 15 16 17 18 19 |
---------------+----------------------------------------------------------+-----
Fighting       | 4 5 6 7 8 9 11 12 13 14 16 18 20 21 22 | 22.1
Shields        | 4 5 6 7 8 9 11 12 13 14 15 | 15.0
Axes           | 3 4 5 6 7 8 |  8.3
Armour         | 4 5 7 8 9 10 12 13 14 16 18 20 21 22 | 22.0
Dodging        | 1 5 8 |  8.0
Slings         | 1 3 4 6 7 9 10 11 12 | 12.0
Long Blades    | 2 5 7 9 10 12 14 | 14.0

Action                   |  1- 3 |  4- 6 |  7- 9 | 10-12 | 13-15 | 16-18 | 19-21 || total
-------------------------+-------+-------+-------+-------+-------+-------+-------++-------
Melee: War axe           |   135 |   123 |   241 |       |       |       |       ||   499
       Headbutt          |    12 |    19 |    63 |   158 |   222 |   282 |    71 ||   827
       Falchion          |       |       |    35 |   622 |   684 |   841 |   200 ||  2382
       Hand axe          |       |       |       |     6 |    10 |    63 |       ||    79
       Long sword        |       |       |       |    14 |       |       |       ||    14
 Fire: Hunting sling     |       |    29 |   115 |   194 |   988 |  1119 |    90 ||  2535
 Abil: Evoke Flight      |       |       |     1 |       |       |     1 |       ||     2
Evoke: Wand              |       |       |       |       |     5 |       |       ||     5
  Use: Scroll            |       |       |     9 |     7 |    11 |    12 |     1 ||    40
       Potion            |       |       |     5 |     2 |     4 |     4 |     1 ||    16
  Eat: Chunk             |     3 |     6 |     8 |    19 |    36 |    26 |     4 ||   102
       Ration            |       |       |     2 |     1 |     3 |     8 |       ||    14
Armor: Scale mail        |    48 |    19 |       |       |       |       |       ||    67
       Chain mail        |       |    24 |       |       |       |       |       ||    24
       Crystal plate arm |       |    12 |   198 |   287 |   372 |  1209 |    62 ||  2140
Dodge: Dodged            |    36 |    26 |    19 |    83 |   123 |   338 |    35 ||   660
       Repelled          |       |       |       |    11 |     6 |       |       ||    17
Block: Kite shield       |    84 |    77 |   251 |   489 |   688 |  1331 |   133 ||  3053
       Reflection        |     5 |     2 |    12 |    46 |    35 |    29 |    27 ||   156
       Rpst.: Falchion   |       |       |     1 |    20 |    19 |    39 |     5 ||    84
       Long sword        |       |       |       |     2 |       |       |       ||     2

Table legend:
 A = Non-vault XP
 B = Vault XP
 C = Vault XP percentage of total XP
 D = Non-vault monster count
 E = Vault monster count
 F = Vault count percentage of total count
                 A         B        C        D         E       F
            +---------+---------+-------+---------+---------+-------
      Total |  233721 |  186582 |  44.4 |     879 |     406 |  31.6
            +---------+---------+-------+---------+---------+-------
        D:1 |      47 |       0 |   0.0 |      31 |       0 |   0.0
        D:2 |      50 |     149 |  74.9 |      13 |      19 |  59.4
        D:3 |      55 |      92 |  62.6 |      18 |       2 |  10.0
        D:4 |     150 |       1 |   0.7 |      14 |       1 |   6.7
        D:5 |     791 |      39 |   4.7 |      18 |       1 |   5.3
        D:6 |     238 |     475 |  66.6 |       7 |       7 |  50.0
        D:7 |    1439 |     308 |  17.6 |      27 |       9 |  25.0
        D:8 |    1870 |    2201 |  54.1 |      28 |       8 |  22.2
        D:9 |    1261 |     807 |  39.0 |      21 |      12 |  36.4
       D:10 |    3432 |       0 |   0.0 |      30 |       0 |   0.0
       D:11 |    2030 |     615 |  23.3 |      19 |      19 |  50.0
       D:12 |    4827 |    8662 |  64.2 |      35 |      19 |  35.2
       D:13 |    4413 |    3023 |  40.7 |      24 |       6 |  20.0
       D:14 |    7624 |   13192 |  63.4 |      17 |      25 |  59.5
       D:15 |   17827 |    1987 |  10.0 |      42 |       2 |   4.5
     Lair:1 |    4176 |    1438 |  25.6 |      18 |       2 |  10.0
     Lair:2 |    3007 |    3562 |  54.2 |      20 |       9 |  31.0
     Lair:3 |    8155 |    1117 |  12.0 |      28 |       1 |   3.4
     Lair:4 |   10843 |    2890 |  21.0 |      38 |      18 |  32.1
     Lair:5 |    9987 |    6723 |  40.2 |      27 |      15 |  35.7
     Lair:6 |    8752 |   13415 |  60.5 |      29 |      32 |  52.5
    Swamp:1 |    8293 |    2137 |  20.5 |      18 |       1 |   5.3
    Swamp:2 |    8898 |       0 |   0.0 |      17 |       0 |   0.0
    Swamp:3 |    8170 |   11948 |  59.4 |      28 |       8 |  22.2
    Swamp:4 |   15029 |    8354 |  35.7 |      31 |      13 |  29.5
   Spider:1 |   27425 |       0 |   0.0 |      77 |       0 |   0.0
   Spider:2 |    8436 |    7626 |  47.5 |      24 |      21 |  46.7
   Spider:3 |   14120 |       0 |   0.0 |      37 |       0 |   0.0
   Spider:4 |   17630 |   37326 |  67.9 |      40 |      51 |  56.0
      Orc:1 |    4013 |       0 |   0.0 |      39 |       0 |   0.0
      Orc:2 |    2242 |    7882 |  77.9 |      16 |      34 |  68.0
   Vaults:1 |    9570 |   24286 |  71.7 |      17 |      37 |  68.5
   Vaults:2 |   18921 |   26327 |  58.2 |      31 |      34 |  52.3
            +---------+---------+-------+---------+---------+-------
